[Event "Early-Titled-Tuesday-Blitz-September-26-2023"]
[Site "Chess.com"]
[Date "2023.09.26"]
[Round "3"]
[White "BahadirOzen"]
[Black "Just_Lucky_1"]
[Result "1/2-1/2"]
[WhiteElo "2801"]
[BlackElo "2576"]
[TimeControl "180+1"]
[EndTime "8:29:03 PDT"]
[Termination "Game drawn - insufficient material"]

1. g3 Nf6 2. Nf3 e6 3. Bg2 d5 4. O-O Be7 5. b3 O-O 6. Bb2 c5 7. e3 Nc6 8. d4 cxd4 9. Nxd4 Nxd4 10. Qxd4 Ne8 11. Qd3 Bf6 12. Bxf6 Qxf6 13. Nd2 Bd7 14.
c4 Bc6 15. cxd5 Bxd5 16. Bxd5 Rd8 17. e4 exd5 18. exd5 Qg5 19. Ne4 Qxd5 20. Qxd5 Rxd5 21. Rad1 Re5 22. Rfe1 f5 23. Ng5 Rxe1+ 24. Rxe1 Nf6 25. Re7 h6 26. Ne6 Rf7 27. Rxf7 Kxf7 28. Nd8+ Ke7 29. Nxb7 Kd7 30. f3 Kc6 31. Nd8+ Kb5 32. Ne6 g6 33. a3 Nd7 34. Kf2 Kc6 35. Ke3 Kd6 36. Nf4 g5 37. Nd3 a5 38. Kd4 h5 39. Nb2 Ke6 40. Nc4 h4 41. Nxa5 Ne5 42. Ke3 g4 43. gxh4 Nxf3 44. h3 Nxh4 45. hxg4 fxg4 46. Kf4 Ng6+ 47.
Kxg4 Kd5 48. Kf3 Kd4 49. Ke2 Kc3 50. Ke3 Ne5 51. Ke4 Nc6 52. Nxc6 Kxb3 53. Nd4+ Kxa3 1/2-1/2

[Event "Early-Titled-Tuesday-Blitz-September-26-2023"]
[Site "Chess.com"]
[Date "2023.09.26"]
[Round "3"]
[White "astralpulse"]
[Black "BogdanDeac"]
[Result "1/2-1/2"]
[WhiteElo "2630"]
[BlackElo "2959"]
[TimeControl "180+1"]
[EndTime "8:29:03 PDT"]
[Termination "Game drawn by agreement"]

1. d4 d5 2. c4 dxc4 3. e3 Nf6 4. Nf3 e6 5. Bxc4 a6 6. O-O c5 7. dxc5 Bxc5 8. Qxd8+ Kxd8 9. Be2 Ke7 10. Nc3 Rd8 11.
Nd2 Bd7 12. Nb3 Bb6 13. Bd2 Bc6 14. Rfd1 Nbd7 15. Be1 Ne5 16. Nd4 Bxd4 17. exd4 Ng6 18. f3 a5 19. Rac1 a4 20. Bf1 Rdc8 21. Bg3 Nd5 22.
Nxd5+ Bxd5 23. a3 Kd8 24. Bb5 Bb3 25. Re1 Ne7 26. Bd6 b6 27. Kf2 Nf5 28. Bf8 g6 29. g4 Rxc1 30. Rxc1 Nxd4 31. Bd3 Rc8 32. Rxc8+ Kxc8 33. Bg7 Nc6 34. h4 Kc7 35. h5 Kd6 36. h6 e5 37. Ke3 Bd5 38. Bf8+ Kc7 39. Bg7 Kd6 40. Bb5 Bb3 41. Bxc6 Kxc6 42. Bxe5 Kd5 43. Bg7 Ke6 44.
f4 f5 45. g5 Kd5 46. Be5 b5 47. Kd3 Kc5 48. Kc3 Bc4 49. Bd4+ Kd5 50. Be5 Ke6 51. Bd4 Kf7 52. Be5 Bf1 53. Kb4 Kg8 54. Kc5 Be2 55.
Kd6 Bf1 56. Ke7 Be2 57. Kd6 Bd3 58. Kc5 Bf1 59. Kb4 Be2 1/2-1/2

[Event "Early-Titled-Tuesday-Blitz-September-26-2023"]
[Site "Chess.com"]
[Date "2023.09.26"]
[Round "3"]
[White "Korchmar_Vasiliy"]
[Black "Rosh1610"]
[Result "1-0"]
[WhiteElo "2706"]
[BlackElo "2476"]
[TimeControl "180+1"]
[EndTime "8:29:03 PDT"]
[Termination "Korchmar_Vasiliy won by checkmate"]

1. e4 c5 2. d4 cxd4 3. Qxd4 Nc6 4. Qd3 Nf6 5. Nc3 d6 6. Nf3 g6 7. Be2 Bd7 8. O-O Bg7 9. Nd5 O-O 10. Bg5 Nxd5 11. exd5 Ne5 12. Nxe5 Bxe5 13. c3 Bg7 14. Rfe1 Bf5 15. Qe3 Re8 16. Bb5 Bd7 17. a4 Qc7 18. h4 h5 19. Bd3 e5 20. dxe6 Bxe6 21. Qd2 d5 22. Re2 a6 23. Rae1 Qd7 24. Qf4 Rac8 25. a5 Rc5 26. Bf6 Rxa5 27. Qd4 Bf8 28. b4 Ra3 29.
Re3 Bh6 30. Rg3 Kh7 31. Re5 Ra1+ 32. Kh2 Bf5 33. Rxd5 Ree1 34. Rf3 Qc7+ 35. Be5 Rxe5 36. Qxe5 Qxe5+ 37. Rxe5 Bxd3 38. Rxf7+ Kg8 39. Ree7 Bc4 40. Rf3 Bd5 41. Rd3 Bf4+ 42. g3 Bc6 43. gxf4 Kf8 44. Re2 Kf7 45. f3 Kf6 46. Kg2 Kf5 47. Kf2 Kxf4 48.
Rd4+ Kf5 49. Kg3 Ra3 50. Rf4# 1-0

[Event "Early-Titled-Tuesday-Blitz-September-26-2023"]
[Site "Chess.com"]
[Date "2023.09.26"]
[Round "3"]
[White "carokannlover213"]
[Black "Shield12"]
[Result "0-1"]
[WhiteElo "2694"]
[BlackElo "2971"]
[TimeControl "180+1"]
[EndTime "8:29:04 PDT"]
[Termination "Shield12 won by checkmate"]

1. d4 Nf6 2. c4 e6 3. Nf3 d5 4.
g3 Be7 5. Bg2 O-O 6. O-O dxc4 7.
Qc2 a6 8. a4 Nc6 9. Rd1 Nb4 10.
Qxc4 b5 11. Qb3 Bb7 12. Nc3 bxa4 13. Rxa4 a5 14. Bg5 h6 15. Bxf6 Bxf6 16. e4 c5 17. dxc5 Qc7 18. Raa1 Qxc5 19. Rac1 Qb6 20. Na4 Qb5 21.
e5 Bd8 22. Rc5 Qa6 23. Nd4 Bxg2 24. Kxg2 Rb8 25. Qf3 Be7 26. Rc7 Nd5 27. Rc6 Qb7 28. Rc2 Rfc8 29. Rxc8+ Rxc8 30. b3 Qb4 31. Kg1 Bc5 32. Nc2 Bxf2+ 33. Qxf2 Qxb3 34. Nc5 Qb6 35. Nd4 Qxc5 36. Rf1 Rc7 37. Kg2 Rb7 38. Kh3 Nc3 39. Qf3 Rc7 40. Ne2 Qxe5 41. Nf4 Ne4 42. g4 Ng5+ 43. Kg3 Nxf3 44. Kxf3 Rc4 45. Ng2 Rc3+ 46. Kf2 Rc2+ 47. Kf3 Qd5+ 48. Ke3 Rxg2 49. Rxf7 Kxf7 50.
g5 Qd2+ 51. Ke4 Re2+ 52. Kf3 Re3+ 53. Kg4 Qg2+ 54. Kf4 Qf3# 0-1

[Event "Early-Titled-Tuesday-Blitz-September-26-2023"]
[Site "Chess.com"]
[Date "2023.09.26"]
[Round "3"]
[White "Maxterlopez"]
[Black "Yurasova_Daria"]
[Result "1-0"]
[WhiteElo "2756"]
[BlackElo "2503"]
[TimeControl "180+1"]
[EndTime "8:29:04 PDT"]
[Termination "Maxterlopez won on time"]

1. e4 e5 2. Nf3 Nc6 3. Bc4 Bc5 4. c3 Nf6 5. d3 d6 6. Nbd2 a6 7. Nf1 O-O 8. Ng3 d5 9. exd5 Nxd5 10. O-O Bg4 11. h3 Bxf3 12. Qxf3 Nb6 13. Bb3 Qd7 14. Nf5 Rad8 15. Rd1 Ne7 16. Nxe7+ Qxe7 17. Qxb7 Qf6 18. Be3 Bxe3 19. fxe3 Qg5 20. Qxc7 Qxe3+ 21. Kh1 Nd5 22. Bxd5 Rxd5 23. Re1 Qxd3 24. Rxe5 Rd7 25. Qc5 Qc2 26. Rae1 Rdd8 27. R5e2 Qa4 28. b3 Qf4 29. c4 h6 30. Rf2 Qg3 31. Ref1 Rd3 32. Qc6 a5 33.
Qc5 a4 34. bxa4 Rc3 35. a5 Qd3 36. Rf4 Rc2 37. a6 Rxa2 38. Qa7 Qc2 39. Qb7 Rb2 40.
Qd5 Kh8 41. R4f2 Qb3 42. Rxb2 Qxb2 43. a7 Qa2 44. Qb7 Rd8 45. Qb8 Qa5 46. Rb1 Kh7 47.
Kg1 Qc5+ 48. Kh1 Qa5 49. Qb7 Qa2 50. c5 Rd7 51. Qe4+ g6 52. a8=Q 1-0

[Event "Early-Titled-Tuesday-Blitz-September-26-2023"]
[Site "Chess.com"]
[Date "2023.09.26"]
[Round "3"]
[White "MatthewG-p4p"]
[Black "wannabe2700"]
[Result "0-1"]
[WhiteElo "2816"]
[BlackElo "2634"]
[TimeControl "180+1"]
[EndTime "8:29:05 PDT"]
[Termination "wannabe2700 won by resignation"]

1. e4 d5 2. exd5 Qxd5 3. Nc3 Qa5 4. d4 Nf6 5. Nf3 Bf5 6. Ne5 c6 7. Bc4 e6 8. g4 Be4 9. O-O Bd5 10. Nxd5 cxd5 11. Bd3 Nc6 12. Nxc6 bxc6 13. Qf3 Bd6 14. c3 O-O 15. Qh3 g6 16. Bh6 Rfe8 17. Rae1 Qxa2 18. Re2 Rab8 19. Qh4 Nd7 20. Bc1 c5 21. Re3 cxd4 22.
Rh3 Nf8 23. cxd4 Be7 24. Qh6 Bf6 25. Bf4 Rxb2 26. Bd6 Bg7 27. Qf4 Rd2 28. Rf3 f5 29. Re1 Rb2 30. gxf5 gxf5 31. Bxf5 Re2 32. Rxe2 Qxe2 33.
Bxh7+ Kxh7 34. Qf7 Qe1+ 35. Kg2 Qe4 36. Qh5+ Bh6 37.
Qf7+ Bg7 38. Qh5+ Bh6 39. Qxe8 Ng6 40. Qf7+ Bg7 41. Be5 Nh4+ 42. Kg3 Qxf3+ 43. Qxf3 Nxf3 44. Bxg7 Kxg7 45. Kxf3 a5 46. Ke3 a4 47. Kd3 a3 48.
Kc3 Kf6 49. h4 e5 50. dxe5+ Kxe5 51. h5 d4+ 52. Kb3 d3 53. f4+ Kf6 54. Kxa3 d2 55.
Kb2 d1=Q 0-1

[Event "Early-Titled-Tuesday-Blitz-September-26-2023"]
[Site "Chess.com"]
[Date "2023.09.26"]
[Round "3"]
[White "GP9isback23"]
[Black "Flawless_Fighter"]
[Result "0-1"]
[WhiteElo "2643"]
[BlackElo "2833"]
[TimeControl "180+1"]
[EndTime "8:29:06 PDT"]
[Termination "Flawless_Fighter won on time"]

1. Nf3 d5 2. e3 Nf6 3. d4 c6 4. Bd3 Bg4 5. O-O Nbd7 6. c4 e6 7. Nc3 Bd6 8. h3 Bh5 9. cxd5 exd5 10. Be2 O-O 11. b3 Re8 12. Bb2 Qe7 13. Re1 Rad8 14. Nd2 Bg6 15. Nf1 Bb8 16. Rc1 Ne4 17. Nxe4 Bxe4 18. Bf3 Nf6 19. a3 g6 20. Bxe4 Nxe4 21.
b4 a6 22. Qb3 Qh4 23. Qc2 Rd6 24. Re2 Rf6 25. Bc3 h5 26. Be1 Qg5 27. f4 Qf5 28.
Bh4 Rfe6 29. Rce1 Nd6 30. Qb3 Ne4 31. Ng3 Nxg3 32. Bxg3 Kg7 33. Qd1 Re4 34. Bf2 Qe6 35. Kf1 Bc7 36. Qd2 Bd6 37. Qd3 a5 38. Qd2 axb4 39. axb4 Ra8 40. Rb1 b5 41. Rc1 Be7 42. Rb1 Ra4 43. Qc3 Qd6 44. Rc1 Re6 45. Be1 Bf6 46.
Qd3 Qd7 47. g3 Qa7 48. Kg2 Ra3 49. Qd1 Raxe3 50. Rxe3 Rxe3 51. Bf2 Re6 52. Qd3 Qa4 53. f5 gxf5 54. Qxf5 Qxb4 55. Qxh5 Qd2 56. Qg4+ Kf8 57. Ra1 Re8 58. Ra7 Qe2 0-1

[Event "Early-Titled-Tuesday-Blitz-September-26-2023"]
[Site "Chess.com"]
[Date "2023.09.26"]
[Round "3"]
[White "Balla_Tamas"]
[Black "karinachess1"]
[Result "1-0"]
[WhiteElo "2429"]
[BlackElo "2602"]
[TimeControl "180+1"]
[EndTime "8:29:06 PDT"]
[Termination "Balla_Tamas won by resignation"]

1. e4 e5 2. Nf3 Nc6 3. d4 exd4 4. Nxd4 Bc5 5. Nb3 Bb6 6. Nc3 Nf6 7. Qe2 O-O 8. Be3 d5 9. O-O-O d4 10. f3 a5 11. a4 Be6 12. Nb5 Bxb3 13. cxb3 Qd7 14. Bg5 Qe6 15. Qc2 Nd7 16. Bc4 Qg6 17. Bd2 Nc5 18. h4 Rad8 19. g4 d3 20. Qc3 Nb4 21. Kb1 c6 22. Na3 Qd6 23. h5 Ne6 24. Bxe6 Qxe6 25. Nc4 Bd4 26. Qc1 b5 27. Bxb4 axb4 28.
Nd2 bxa4 29. bxa4 Ra8 30. Qc4 Rxa4 31. Qxe6 fxe6 32. Nb3 c5 33. Nxd4 cxd4 34. Rxd3 e5 35. Rc1 Ra7 36. Rc5 Re7 37. Rb5 h6 38. Rxb4 Rf4 39.
Rb5 Kh7 40. Kc2 Rc7+ 41. Kd2 Re7 42. Ke2 Rf8 43. b4 Rc8 44. Kd2 Ra8 45. Ra5 Rb8 46. b5 Rb6 47. Rb3 Kg8 48. Ra6 Reb7 49. Rxb6 Rxb6 50. Kd3 Kf7 51. Kc4 Ke7 52. Kc5 Rb8 53. Kc6 Ke6 54. b6 Rc8+ 55. Kb7 Rc3 56. Rb1 Kd7 57. Ka7 Ra3+ 58. Kb8 d3 59. b7 Ra2 60. Rb3 d2 61. Rd3+ Kc6 62. Kc8 Rb2 63. b8=Q Rxb8+ 64. Kxb8 1-0

[Event "Early-Titled-Tuesday-Blitz-September-26-2023"]
[Site "Chess.com"]
[Date "2023.09.26"]
[Round "3"]
[White "Roman_Ovetchkin"]
[Black "Giorno"]
[Result "0-1"]
[WhiteElo "2687"]
[BlackElo "2489"]
[TimeControl "180+1"]
[EndTime "8:29:07 PDT"]
[Termination "Giorno won on time"]

1. d4 Nf6 2. c4 e5 3. dxe5 Ng4 4. Nf3 Nc6 5. e3 Bb4+ 6. Bd2 Qe7 7. Nc3 Bxc3 8. Bxc3 Ngxe5 9. Nxe5 Nxe5 10. Qd4 f6 11. c5 O-O 12. Be2 Kh8 13. O-O b6 14. b4 Bb7 15. Rad1 Rfd8 16. Rfe1 d6 17. cxb6 axb6 18.
f4 Nc6 19. Qd2 Qe6 20. Ra1 Ne7 21. b5 Nf5 22. Bf1 Be4 23. a3 d5 24. Qb2 Nd6 25. Bd4 Ra4 26. Rec1 Nc4 27. Qb3 Rda8 28. h3 Rxa3 29. Rxa3 Rxa3 30. Qb4 Ra7 31. Bxc4 dxc4 32. Qf8+ Qg8 33. Qxg8+ Kxg8 34. Rxc4 Bd3 35. Rb4 Ra5 36.
Rb3 Bxb5 37. g4 Bc4 38. Rb2 c5 39. Bc3 Ra6 40. h4 b5 41. Rd2 b4 42. Bb2 Ra7 43.
g5 Kf7 44. Kf2 Be6 45. e4 fxg5 46. hxg5 g6 47. Be5 c4 48. Rd8 c3 49. Ke3 Ra2 50.
Rb8 c2 51. Kd2 b3 52. Kc1 Ra7 53. Rb6 Rd7 54. Rd6 Rb7 55. f5 gxf5 56. exf5 Bc4 57. Rf6+ Ke7 58. Rh6 Bg8 0-1

[Event "Early-Titled-Tuesday-Blitz-September-26-2023"]
[Site "Chess.com"]
[Date "2023.09.26"]
[Round "3"]
[White "SchmakAttack"]
[Black "Andrej2004"]
[Result "1/2-1/2"]
[WhiteElo "2790"]
[BlackElo "2566"]
[TimeControl "180+1"]
[EndTime "8:29:08 PDT"]
[Termination "Game drawn - insufficient material"]

1. e4 e5 2. Bc4 Nc6 3. d3 Nf6 4. Nc3 Na5 5. Bb3 Nxb3 6. axb3 d5 7.
exd5 Nxd5 8. Nge2 Be7 9. O-O O-O 10. Re1 f6 11. d4 Nxc3 12. bxc3 Bd6 13. Be3 Bg4 14. Qd3 a6 15. dxe5 Bxe2 16. Qd5+ Kh8 17. exd6 Bb5 18. Qxb7 Qxd6 19. Rad1 Qc6 20. Qxc6 Bxc6 21.
Bf4 Rf7 22. Re6 Bd7 23. Re2 g5 24. Bxc7 Bg4 25. f3 Bxf3 26. gxf3 Rxc7 27. c4 a5 28. Ra1 a4 29. Ra3 Kg7 30. Kf2 Raa7 31. Re6 Kg6 32. Rb6 h5 33. Rb4 axb3 34. Rxa7 Rxa7 35. Rxb3 Kf5 36.
Ke3 Ke5 37. Rb5+ Kd6 38. Rb6+ Ke5 39. Kd3 Ra3+ 40. Rb3 Ra1 41. Rb5+ Kd6 42. c5+ Kd5 43. Rb6 Kxc5 44. Rxf6 Rh1 45. Rf5+ Kd6 46. Rxg5 Rxh2 47. c4 Rh3 48. Ke4 Rh1 49. c5+ Kc6 50. f4 h4 51. Kf3 h3 52. Kg3 h2 53. Kg2 Rf1 54.
Kxh2 Rxf4 55. Kg3 Rc4 56. Kf3 Rc3+ 57. Ke4 Rxc5 58. Rxc5+ Kxc5 1/2-1/2

[Event "Early-Titled-Tuesday-Blitz-September-26-2023"]
[Site "Chess.com"]
[Date "2023.09.26"]
[Round "3"]
[White "TheoSlade"]
[Black "Aygehovit1992"]
[Result "0-1"]
[WhiteElo "2478"]
[BlackElo "2714"]
[TimeControl "180+1"]
[EndTime "8:29:14 PDT"]
[Termination "Aygehovit1992 won on time"]

1. d4 Nf6 2. c4 e6 3. g3 Bb4+ 4. Nd2 O-O 5. Bg2 d5 6. Nf3 b6 7.
O-O Bb7 8. a3 Be7 9. cxd5 exd5 10. b4 c5 11. bxc5 bxc5 12. Qb3 Qc8 13. dxc5 Nbd7 14. c6 Bxc6 15. Nd4 Rb8 16. Qc3 Ba4 17. Bb2 Qxc3 18. Bxc3 Rfc8 19. Rfc1 g6 20. Bh3 Ne4 21. Nxe4 dxe4 22. e3 h5 23. Kf1 f5 24. Ke1 Ne5 25.
Bf1 Bf6 26. Be2 Nf3+ 27. Bxf3 exf3 28. Kd2 Kf7 29. Rab1 Rxb1 30. Rxb1 Rc7 31. Rc1 Rd7 32. Ke1 Rc7 33. Kd2 Rd7 34. Ke1 a6 35. Nxf3 Bxc3+ 36. Rxc3 Rd1+ 37. Ke2 Ra1 38. Nd4 Kf6 39. h4 Ra2+ 40. Kf3 Bd1+ 41. Kg2 Ba4 42. Kf3 Ke5 43. Nc6+ Kd6 44. Nd4 Kd5 45. Kg2 Kd6 46. Nf3 Bc6 47.
Rd3+ Kc7 48. Rc3 Kb6 49. Rb3+ Ka5 50. Rc3 Be4 51. Rc4 Rxa3 52. Rc7 Ka4 53. Rg7 a5 54.
Rxg6 Rb3 55. Rg5 Kb5 56. Rxh5 a4 57. Rh8 a3 58. Rb8+ Ka4 59. Ra8+ Bxa8 60. h5 a2 61. h6 Rb8 0-1

[Event "Early-Titled-Tuesday-Blitz-September-26-2023"]
[Site "Chess.com"]
[Date "2023.09.26"]
[Round "3"]
[White "falzehope0"]
[Black "KerryStead"]
[Result "0-1"]
[WhiteElo "2337"]
[BlackElo "2096"]
[TimeControl "180+1"]
[EndTime "8:29:15 PDT"]
[Termination "KerryStead won on time"]

1. d4 c5 2. e3 d5 3. c3 Nc6 4. f4 Bf5 5. Ne2 e6 6. Ng3 Bg6 7. Be2 Nf6 8. O-O Bd6 9. Nd2 c4 10. Bf3 O-O 11. e4 Bxf4 12. e5 Nd7 13. Nb1 Bxc1 14.
Qxc1 Rc8 15. Na3 a6 16. Nc2 b5 17. a3 h6 18. Ne3 Bd3 19. Rf2 Qg5 20. Qe1 Rce8 21.
Bg4 g6 22. Bh3 h5 23. Ngf1 Ne7 24. Nd2 Bf5 25. Nf3 Qh6 26. Bxf5 Nxf5 27. Nf1 g5 28. Qe2 Kh7 29. Qc2 Qg6 30. Qd2 Rg8 31. Kh1 g4 32. Ng1 f6 33. Re1 fxe5 34. dxe5 Nc5 35. Ng3 Nxg3+ 36. hxg3 Nd3 37. Rf6 Qg7 38. Ref1 Rgf8 39.
Qe3 Rxf6 40. exf6 Qg6 41. Qa7+ Kh6 42. Qd7 Nc5 43. Qc6 Rf8 44. Qxc5 Rxf6 45. Qe3+ Kg7 46. Qe5 Kf7 47. Rxf6+ Qxf6 48. Qxf6+ Kxf6 49. Ne2 e5 50. Kg1 Kf5 51. Kf2 Ke4 52. Ke1 Kd3 53. Kd1 Ke3 54.
Ke1 a5 55. Nc1 d4 56. Na2 d3 0-1

[Event "Early-Titled-Tuesday-Blitz-September-26-2023"]
[Site "Chess.com"]
[Date "2023.09.26"]
[Round "3"]
[White "Djager97"]
[Black "PeshkaCh"]
[Result "0-1"]
[WhiteElo "2560"]
[BlackElo "2805"]
[TimeControl "180+1"]
[EndTime "8:29:17 PDT"]
[Termination "PeshkaCh won by resignation"]

1. e4 e5 2. Nf3 Nc6 3. d4 exd4 4.
Nxd4 Nf6 5. Nxc6 bxc6 6. e5 Nd5 7. c4 Nb6 8. Bd3 g6 9. O-O Bg7 10. Nc3 O-O 11. Bf4 d6 12. Re1 Be6 13. c5 dxe5 14. Bxe5 Bxe5 15. Rxe5 Nd7 16. Re1 Nxc5 17. Be4 Nxe4 18. Nxe4 Qxd1 19. Raxd1 Rfd8 20. b3 a5 21. f3 Rxd1 22. Rxd1 a4 23. Rc1 axb3 24. axb3 Bxb3 25. Rxc6 Ra7 26. Nf6+ Kh8 27. Ne8 Ra1+ 28. Kf2 Ba4 29. Rxc7 Ra2+ 30. Ke3 Bxe8 31. Rc8 Rxg2 32. Rxe8+ Kg7 33. h4 Rh2 34. Re4 h5 35. Rf4 Ra2 36. Rd4 Kf6 37. Kf4 Rg2 38. Rd6+ Kg7 39. Rc6 Rg1 40.
Rb6 Kh6 41. Rf6 Kg7 42. Rb6 f6 43. Rc6 g5+ 44. hxg5 fxg5+ 45. Kf5 h4 46. Rc7+ Kh6 47. Rc6+ Kg7 48. Rc7+ Kf8 49. Rb7 Rg3 50. Rh7 Kg8 51. Rh5 h3 52. f4 g4 53. Kf6 Rg2 54. f5 h2 55. Rg5+ Kf8 56. Rh5 Ke8 57. Kg7 g3 58. f6 Rf2 59. Re5+ Kd7 60. Re2 h1=Q 0-1

[Event "Early-Titled-Tuesday-Blitz-September-26-2023"]
[Site "Chess.com"]
[Date "2023.09.26"]
[Round "3"]
[White "HSH1987"]
[Black "Predator0608"]
[Result "1-0"]
[WhiteElo "2643"]
[BlackElo "2450"]
[TimeControl "180+1"]
[EndTime "8:29:18 PDT"]
[Termination "HSH1987 won by checkmate"]

1. Nf3 Nf6 2. g3 b6 3. Bg2 Bb7 4. O-O g6 5. c4 Bg7 6. d4 O-O 7. Nc3 e6 8. Qc2 d6 9. Bg5 Nbd7 10. Rfd1 h6 11. Bxf6 Nxf6 12. Rac1 Qe7 13. Ne1 Bxg2 14. Kxg2 e5 15. e3 Ne8 16. Nf3 f5 17. dxe5 dxe5 18. e4 f4 19. g4 Qe6 20. h3 Nf6 21. Nd5 Rac8 22. Nxf6+ Bxf6 23. c5 Rfd8 24. b4 Be7 25. Qc3 Bf6 26. a3 Kf7 27. c6 Ke7 28. b5 g5 29.
Qb4+ Kf7 30. Qa4 h5 31. Nh2 f3+ 32. Kxf3 Qa2 33. gxh5 Be7 34. Ng4 Bc5 35. Rxd8 Rxd8 36. Qc4+ Qxc4 37. Rxc4 Rd3+ 38. Kg2 Rxa3 39. Nxe5+ Kg7 40.
Nd7 Be7 41. Rd4 Ra2 42. Rd5 Kh6 43. Re5 Bd6 44. Re6+ Kxh5 45. Nf6+ Kh4 46. Ng4 Bf8 47. Re8 Bg7 48. Rg8 Bd4 49. e5 Kh5 50. e6 Re2 51.
Re8 Kg6 52. Re7 Kf5 53. Rxc7 Kxe6 54. Rxa7 Kd5 55. Rd7+ Ke6 56. Rxd4 Rb2 57. Rc4 Kf5 58. c7 Rxb5 59. c8=Q+ Kg6 60. Qd7 Kh5 61. Rc6 Rb2 62. Qh7# 1-0

[Event "Early-Titled-Tuesday-Blitz-September-26-2023"]
[Site "Chess.com"]
[Date "2023.09.26"]
[Round "3"]
[White "CixPer1968"]
[Black "LileKoridze"]
[Result "1-0"]
[WhiteElo "2217"]
[BlackElo "2363"]
[TimeControl "180+1"]
[EndTime "8:29:18 PDT"]
[Termination "CixPer1968 won by resignation"]

1. d4 Nf6 2. c4 e6 3. Nf3 d5 4. Nc3 Bb4 5. cxd5 exd5 6. Qa4+ Nc6 7. Bg5 h6 8. Bxf6 Qxf6 9. e3 O-O 10. Be2 Bxc3+ 11.
bxc3 Ne7 12. O-O c6 13. Rab1 b6 14. Ne5 Bf5 15. Bd3 Bxd3 16. Nxd3 Nf5 17. Ne5 Rfc8 18. c4 Nd6 19. cxd5 cxd5 20. Rfc1 Ne4 21. Nf3 Nc3 22. Qa6 Rc4 23. Ne5 Ne2+ 24. Kf1 Rxc1+ 25. Rxc1 Nxc1 26. Qb7 Rf8 27. Qxa7 Qf5 28. Qxb6 Qc2 29. g3 Qe2+ 30.
Kg2 Qxa2 31. Nd7 Re8 32. Ne5 Qa3 33. Qc6 Rd8 34. Qc7 Qf8 35. Qxc1 Qd6 36. Qc2 Re8 37. Qf5 Qe6 38. Qf4 f6 39. Ng6 Qe4+ 40. Qxe4 Rxe4 41. Nf4 Kf7 42. Nxd5 Re8 43. Nf4 g5 44. Nd3 Rc8 45. Nc5 Ke7 46. Kf3 Rb8 47. Kg4 Rb2 48. Kf3 Rd2 49. Ne4 Rd1 50. h3 Rh1 51. h4 gxh4 52. gxh4 Rxh4 53. Ng3 Rh2 54. e4 Ke6 55. Ke3 h5 56.
d5+ Ke5 57. f4+ Kd6 58. Nf5+ Kc5 59. Kf3 Rd2 60. d6 Kc6 61. e5 fxe5 62. fxe5 Rd5 63.
Ne7+ Kc5 64. Nxd5 Kxd5 65. d7 Kxe5 66. d8=Q Kf5 67. Qg8 h4 68. Kg2 Kf4 69. Kh3 1-0

[Event "Early-Titled-Tuesday-Blitz-September-26-2023"]
[Site "Chess.com"]
[Date "2023.09.26"]
[Round "3"]
[White "CristianS27"]
[Black "JimDiGrease"]
[Result "0-1"]
[WhiteElo "2511"]
[BlackElo "2838"]
[TimeControl "180+1"]
[EndTime "8:29:19 PDT"]
[Termination "JimDiGrease won on time"]

1. e4 c5 2. Nf3 e6 3. d4 cxd4 4. Nxd4 Nf6 5. Nc3 Nc6 6. Ndb5 Bc5 7. Bf4 O-O 8. Bc7 Qe7 9. Bd6 Bxd6 10. Qxd6 Qd8 11. O-O-O a6 12. Nd4 Ne7 13. a4 b6 14.
Bc4 Bb7 15. Rhe1 b5 16. axb5 axb5 17. Bxb5 Ra1+ 18. Kd2 Rxd1+ 19. Kxd1 Bc6 20. Bxc6 dxc6 21. e5 c5 22. Ndb5 Ng4 23. f3 Nf5 24. Qxd8 Rxd8+ 25. Kc1 Ngh6 26. Ne4 Nd4 27. Nxd4 cxd4 28. Nd6 f6 29. f4 fxe5 30. fxe5 Ng4 31. Re4 Nxe5 32. Nb7 Rd5 33. Kd2 Kf7 34. Nd6+ Kf6 35. Rf4+ Kg5 36. Re4 Kf6 37.
h4 Rxd6 38. g4 Nc4+ 39. Kc1 e5 40. b3 Ne3 41. Kd2 Nd5 42. Kd3 Nb4+ 43. Kd2 Rc6 44. c4 dxc3+ 45. Kc1 Nd3+ 46. Kc2 Nf4 47. Rc4 Rxc4 48.
bxc4 Ne2 49. Kd3 Nd4 50. Kxc3 Ke6 51. Kd3 Nb3 52. h5 Nc5+ 53. Ke3 h6 54. Ke2 Kf6 55. Ke3 Kg5 56. Kf3 e4+ 57. Kg3 Nd3 58.
Kh3 Kf4 59. Kh4 e3 60. c5 e2 61. Kh3 e1=Q 0-1

[Event "Early-Titled-Tuesday-Blitz-September-26-2023"]
[Site "Chess.com"]
[Date "2023.09.26"]
[Round "3"]
[White "Fore_Man"]
[Black "jeetjain"]
[Result "0-1"]
[WhiteElo "2289"]
[BlackElo "2582"]
[TimeControl "180+1"]
[EndTime "8:29:19 PDT"]
[Termination "jeetjain won by checkmate"]

1. Nf3 c5 2. c4 Nc6 3. d4 cxd4 4. Nxd4 e6 5. g3 Nf6 6. Bg2 Be7 7. O-O O-O 8. Nc3 a6 9. b3 Qc7 10. Bb2 b6 11. Nxc6 dxc6 12. e4 Bb7 13. f4 Rfd8 14.
Qe2 e5 15. fxe5 Nd7 16. e6 fxe6 17. Bh3 Nf8 18. Rad1 b5 19. Qg4 Bc5+ 20. Kh1 e5 21. Qg5 Rxd1 22. Rxd1 Bd4 23. Rf1 h6 24. Qf5 Rd8 25.
Bg4 Bc8 26. Qf3 Bxg4 27. Qxg4 bxc4 28. bxc4 Rb8 29. Ba1 Qe7 30. Qf3 Ne6 31. Qh5 Rf8 32. Rxf8+ Qxf8 33. Qe2 Ng5 34. Kg2 Qa3 35. Nb1 Qc1 36.
Bxd4 exd4 37. Nd2 Qc2 38. e5 Kf7 39. h4 Ne6 40. Kh3 Ke7 41. Qf2 c5 42. Qg2 Qf5+ 43.
Kh2 Qxe5 44. Qb7+ Kf8 45. Ne4 d3 46. Qc8+ Ke7 47. Qb7+ Qc7 48. Qd5 Qd7 49. Qe5 d2 50.
Nxc5 d1=Q 51. Nxd7 Qxd7 52. c5 Qd2+ 53. Kh3 Qc1 54.
Qd6+ Kf6 55. c6 Qh1+ 56. Kg4 Qe4+ 57. Kh3 Qh1+ 58. Kg4 h5+ 59. Kxh5 Qf3+ 60. g4 g6+ 61. Kh6 Qxg4 62. Kh7 Qxh4+ 63. Kg8 Qh6 64. Qd8+ Nxd8 65.
c7 Qg7# 0-1

[Event "Early-Titled-Tuesday-Blitz-September-26-2023"]
[Site "Chess.com"]
[Date "2023.09.26"]
[Round "3"]
[White "Lady_Nika"]
[Black "TregubovP"]
[Result "1-0"]
[WhiteElo "2477"]
[BlackElo "2632"]
[TimeControl "180+1"]
[EndTime "8:29:20 PDT"]
[Termination "Lady_Nika won on time"]

1. e4 c5 2. Nc3 e6 3. g3 d5 4.
d3 d4 5. Nce2 Nc6 6. Bg2 Nf6 7.
f4 Be7 8. Nf3 O-O 9. O-O Rb8 10.
h3 b5 11. g4 c4 12. Ng3 Qc7 13. g5 Nd7 14. e5 cxd3 15. cxd3 Nb4 16. Ne4 Rd8 17. Rf2 Bb7 18. a3 Nd5 19. Re2 Nc5 20. Nh4 Nxe4 21. Bxe4 Ne3 22. Bxe3 Bxe4 23. Bf2 Ba8 24.
Be1 Qc6 25. Ng2 Rbc8 26. Rf2 Qd5 27. Qg4 Rd7 28. Ba5 Qb3 29. f5 exf5 30. Qxf5 Qe6 31. Raf1 Qxf5 32. Rxf5 Rc2 33. R5f2 Rxf2 34. Rxf2 Bxg5 35.
h4 Bd8 36. Bxd8 Rxd8 37. Nf4 Re8 38. Re2 g6 39. e6 fxe6 40. Rxe6 Rf8 41. Ne2 Bd5 42.
Re5 Ba2 43. Nxd4 Rf4 44. Nxb5 Rg4+ 45. Kf2 Rxh4 46. Nxa7 Rh2+ 47. Ke3 Rxb2 48. Nc6 Kg7 49.
Re7+ Kh6 50. Ne5 Rg2 51. Kf3 Rg1 52. Ng4+ Kg5 53. Re5+ Kh4 54. Nf2 Rg3+ 55. Ke2 g5 56. a4 h5 57. a5 Rg1 58. a6 Bb3 59. Ra5 1-0

[Event "Early-Titled-Tuesday-Blitz-September-26-2023"]
[Site "Chess.com"]
[Date "2023.09.26"]
[Round "3"]
[White "Denis_Makhnyov"]
[Black "profedechess93"]
[Result "1-0"]
[WhiteElo "2923"]
[BlackElo "2674"]
[TimeControl "180+1"]
[EndTime "8:29:21 PDT"]
[Termination "Denis_Makhnyov won by resignation"]

1. d4 d5 2. c4 c6 3. Nf3 Nf6 4. Qc2 dxc4 5. Qxc4 Bg4 6. Nbd2 Nbd7 7. g3 e6 8. Bg2 Bh5 9. O-O Be7 10. Qb3 Qb6 11. Nc4 Qa6 12. Bf4 O-O 13. Rfe1 Nb6 14. Rac1 Nfd5 15. Bd6 Rfd8 16. Bxe7 Nxe7 17. e3 Qa4 18.
Qxa4 Nxa4 19. b3 Nb6 20. Na5 Rab8 21. Ne5 f6 22. Nd3 Nd7 23. b4 Bg6 24. Nf4 Bf7 25.
a3 e5 26. Ne2 Bh5 27. Nc3 exd4 28. exd4 Nf5 29. d5 c5 30. h3 Nd4 31. g4 Bg6 32. Ne4 cxb4 33. axb4 Ne5 34. Rc3 Nb5 35. Rg3 Nd4 36. f4 Nd7 37. Nc5 b6 38. Nxd7 Rxd7 39.
Nc6 Nxc6 40. dxc6 Rc7 41. b5 Re8 42. Rxe8+ Bxe8 43. Rd3 Kf8 44. Rd8 Ke7 45. Ra8 h5 46. Kf2 hxg4 47. hxg4 Bf7 48. Bf1 Bd5 49. Ke3 Kd6 50.
Kd4 Bf3 51. g5 Ke6 52. Bh3+ f5 53. Bf1 Kd6 54. Bd3 Re7 55. Bxf5 Be2 56. Bd3 Bxd3 57.
Kxd3 Kc5 58. Rd8 Kxb5 59. Rd7 Re8 60. c7 Rc8 61. Rxg7 Kc6 62. g6 b5 63. Rf7 Rg8 64. g7 Kb7 65. c8=Q+ Kxc8 66. Rf8+ 1-0